cohdb
Replays
Latest Replays
All Replays
Popular Replays
Top Player Replays
Match Explorer
How It Works
Community
CoH3 Stats
Reddit
Sign in to upload your games and track your stats! →
Sign in with Steam
Match 44263633
Unlisted
Match 44263633
Overview
Messages
Build Orders
End
Construct Barracks
Engineer Squad
Selects Special Operations Battlegroup
Selects M29 Weasel Recon Vehicle
Riflemen Squad
Selects M29 Weasel Recon Vehicle
M1 Mortar Team
Riflemen Squad
Infantry Support Center
Construct Weapon Support Center
Selects Raiding Flares
M1918 Browning Automatic Rifles
Construct Medical Station
Riflemen Squad
Riflemen Squad
Construct Motor Pool
Construct Motor Pool
Selects SSF Commando Squad
SSF Commando Squad
M1 Anti-tank Gun Team
Survival Training
SSF Commando Squad
Selects Assault Operation
SSF Commando Squad
Assault Operation
SSF Commando Squad
Assault Operation
Improved M9 Bazooka Rockets
p1tcho0
**DIEU DU SEXE**
ManOWar2
GGGG8888
Joraad
Kobra
GyrosGR
fabzepps
0
0
Comments
sign in to comment!
No comments posted yet!